 Dungeon Crawl Stone Soup version 0.16.1-51-g6203257 (webtiles) character file.

228 RepoMan the Firebug (level 5, -9/35 HPs)
             Began as a Mummy Fire Elementalist on Aug 4, 2015.
             Killed from afar by an orc wizard (12 damage)
             ... with a puff of flame
             ... on level 4 of the Dungeon.
             The game lasted 00:31:22 (3365 turns).

RepoMan the Firebug (Mummy Fire Elementalist)       Turns: 3365, Time: 00:31:22

Health: -9/35      AC:  3    Str: 11    XL:     5   Next: 70%
Magic:  0/11       EV: 12    Int: 15    God:
Gold:   211        SH:  0    Dex: 12    Spells: 5 memorised, 0 levels left

rFire  x . .     SeeInvis .     c - -2 hunting sling (curse)
rCold  + . .     Clarity  .     a - +0 robe
rNeg   + + +     SustAb   .     (no shield)
rPois  ∞         Gourm    .     (no helmet)
rElec  .         Spirit   .     e - +0 cloak
rCorr  .         Warding  .     (no gloves)
rMut   .         Stasis   .     (no boots)
MR     .....                    (no amulet)
Stlth  ++........               (no ring)
                                (no ring)

@: very slightly contaminated, not resistant to hostile enchantments, unstealthy
A: no food or potions, fire vulnerability, restore body, cold resistance 1,
negative energy resistance 3, poison resistance, torment resistance, unbreathing
a: no special abilities


You were on level 4 of the Dungeon.
You were not hungry.

You visited 1 branch of the dungeon, and saw 4 of its levels.

You collected 211 gold pieces.

Inventory:

Hand weapons
 c - a cursed -2 hunting sling (weapon)
Missiles
 l - 34 sling bullets (quivered)
Armour
 a - a +0 robe (worn)
 e - a +0 cloak (worn)
Jewellery
 d - an uncursed amulet of faith
Scrolls
 f - 2 scrolls of immolation {unknown}
 g - a scroll of random uselessness {unknown}
 i - 3 scrolls of remove curse {unknown}
 j - 2 scrolls of magic mapping {unknown}
 m - 4 scrolls of identify {unknown}
 n - a scroll of recharging {unknown}
Books
 b - a book of Flames

   Spells                             Type                      Level
   a - Flame Tongue                   Conjuration/Fire             1
   b - Throw Flame                    Conjuration/Fire             2
   c - Conjure Flame                  Conjuration/Fire             3
   d - Inner Flame                    Hexes/Fire                   3
   e - Sticky Flame                   Conjuration/Fire             4
   f - Fireball                       Conjuration/Fire             5
 k - a book of Conjurations

   Spells                             Type                      Level
   a - Magic Dart                     Conjuration                  1
   b - Searing Ray                    Conjuration                  2
   c - Dazzling Spray                 Conjuration/Hexes            3
   d - Fulminant Prism                Conjuration/Hexes            4
   e - Iskenderun's Mystic Blast      Conjuration                  4
   f - Iskenderun's Battlesphere      Conjuration/Charms           5


   Skills:
 - Level 1.5 Dodging
 - Level 1.5 Stealth
 + Level 3.3 Spellcasting
 + Level 1.9 Conjurations
 * Level 4.3 Fire Magic


You couldn't memorise any spells.
You knew the following spells:

 Your Spells              Type           Power        Failure   Level  Hunger
a - Flame Tongue          Conj/Fire      ##...        8%          1    N/A
b - Throw Flame           Conj/Fire      ##....       12%         2    N/A
c - Conjure Flame         Conj/Fire      ##......     21%         3    N/A
i - Inner Flame           Hex/Fire       #.......     24%         3    N/A
q - Magic Dart            Conj           #...         12%         1    N/A

Dungeon Overview and Level Annotations

Branches:
Dungeon (4/15)
 Temple: D:4-7

Altars:
Dithmenos
Makhleb
Ru

Annotations:
D:1 Ijyb
D:2 Sigmund


Innate Abilities, Weirdness & Mutations

You do not eat or drink.
Your flesh is vulnerable to fire.
Your flesh is cold resistant.
You are immune to negative energy.
Your system is resistant to poisons.
You are immune to unholy pain and torment.
You can survive without breathing.


Message History

Confirm with . or Enter, or press ? or * to list all spells.
Aiming: Flame Tongue
Press: ? - help, Shift-Dir - straight line The flame tongue hits something.
Something hits you but does no damage.
Casting: Flame Tongue
Confirm with . or Enter, or press ? or * to list all spells.
Aiming: Flame Tongue
Press: ? - help, Shift-Dir - straight line You miscast Flame Tongue.
Your bandages stand on end.
Something hits you.
* * * LOW HITPOINT WARNING * * *
Something hits you but does no damage.
Read which item? (? for menu, Esc to quit)
Blink to where?
Press: ? - help, Dir - move target cursor
As you read the scroll labeled VOQ EGOTOI, it crumbles to dust.
It was a scroll of blinking.
There is a stone staircase leading up here.
You hear some strange, mumbled words.
The puff of flame hits you! The fire burns you terribly!
You die...

....# #.####### #......# #.
.##.####....^..########.####.# #.
.##.#..'..................##.# #.
.##.####.......####...######.###.
.#.....'..........'...+......<##.
.###..##.......####...#####...##.
.# #.........#............#...##.
.# #...#####.#.##########.#...##.
.# #...#####.#..@.....###.#...#..
.# #..>......................##.#
.# #..######.%............#.##...
.# #..########.#.##.#.#######....
.# #.........).............#.....
.# ##.########.#.##.#.#........_.
.# #.# #.#.##.#.#.#..#.....
.####.# #.#.## #.#.#.###....
).....# #.#.# #.#.#.####...


There were no monsters in sight!

Vanquished Creatures
  An orc wizard (D:4)
  An orc priest (D:4)
  A hound (D:4)
  8 adders
  A giant mite (D:4)
  2 worms (D:3)
  3 giant geckos (D:3)
  2 orcs (D:3)
  6 bats
  3 giant cockroaches
  5 goblins
  6 hobgoblins
  3 jackals (D:1)
  6 kobolds
  5 giant newts
  A jackal skeleton (D:4)
  8 rats
62 creatures vanquished.

Notes
Turn   | Place    | Note
--------------------------------------------------------------
     0 | D:1      | RepoMan, the Mummy Fire Elementalist, began the quest for the Orb.
     0 | D:1      | Reached XP level 1. HP: 13/13 MP: 3/3
   214 | D:1      | Reached XP level 2. HP: 11/19 MP: 0/5
   218 | D:1      | Learned a level 2 spell: Throw Flame
   535 | D:1      | Reached skill level 1 in Conjurations
   936 | D:2      | Noticed Sigmund
  1018 | D:1      | Reached skill level 3 in Fire Magic
  1138 | D:2      | Noticed Ijyb
  1261 | D:2      | Reached XP level 3. HP: 22/24 MP: 3/6
  1309 | D:2      | Found a sacrificial altar of Ru.
  1404 | D:3      | Learned a level 1 spell: Magic Dart
  1408 | D:3      | Learned a level 3 spell: Conjure Flame
  1930 | D:3      | Reached XP level 4. HP: 30/30 MP: 0/8
  2735 | D:4      | Found a shadowy altar of Dithmenos.
  2768 | D:4      | Reached XP level 5. HP: 21/35 MP: 2/11
  2773 | D:4      | Learned a level 3 spell: Inner Flame
  2832 | D:4      | Reached skill level 4 in Fire Magic
  3059 | D:4      | Found a burning altar of Makhleb.
  3060 | D:4      | Noticed an Executioner
  3365 | D:4      | Killed from afar by an orc wizard

Action                   |  1- 3 |  4- 6 || total
-------------------------+-------+-------++-------
 Fire: Hunting sling     |   112 |    41 ||   153
 Cast: Flame Tongue      |    56 |    57 ||   113
       Magic Dart        |     1 |     1 ||     2
       Throw Flame       |       |     1 ||     1
  Use: Scroll            |       |     1 ||     1
